 Dungeon Crawl Stone Soup version 0.25-a0-890-g62861fb (webtiles) character file.

Game seed: 9895386770616492075, levelgen mode: deterministic

704 BlueFish the Insei (level 7, -3/45 HPs)
             Began as an Octopode Transmuter on May 10, 2020.
             Was a Follower of Cheibriados.
             Killed from afar by an orc wizard (9 damage)
             ... with a magic dart
             ... on level 5 of the Dungeon.
             The game lasted 00:12:42 (4366 turns).

BlueFish the Insei (Octopode Transmuter)            Turns: 4366, Time: 00:12:42

Health: -3/45      AC:  1    Str: 15    XL:     7   Next: 67%
Magic:  11/11      EV: 14    Int: 18    God:    Cheibriados [*.....]
Gold:   188        SH:  0    Dex: 15    Spells: 6/12 levels left

rFire    . . .     SeeInvis .     - Unarmed
rCold    . . .     Gourm    .   (no shield)
rNeg     . . .     Faith    .   (helmet restricted)
rPois    .         Spirit   .   (no amulet)
rElec    .         Reflect  .   i - ring of resist corrosion
rCorr    +         Harm     .   (no ring)
MR       .....                  (no ring)
Stlth    ++++......             (no ring)
HPRegen  0.15/turn              (no ring)
MPRegen  0.12/turn              (no ring)
                                (no ring)
                                (no ring)

@: appendage, slowed, very slow
A: almost no armour, stealthy swim, amphibious, 8 rings, constrict 8, tentacle
spike 3, camouflage 1, gelatinous body 1
a: End Transformation, Bend Time, Renounce Religion


You were on level 5 of the Dungeon.
You worshipped Cheibriados.
Cheibriados was aware of your devotion.
You were not hungry.
One of your tentacles had a temporary spike.
You visited 2 branches of the dungeon, and saw 6 of its levels.

You collected 188 gold pieces.

Inventory:

Missiles
 a - 35 arrows
 n - 52 stones (quivered)
Jewellery
 i - a ring of resist corrosion (left tentacle)
Scrolls
 b - a scroll of fear
 e - a scroll of fog
 f - 3 scrolls of remove curse
 k - 3 scrolls of teleportation
 m - a scroll of noise {unknown}
 o - a scroll of identify
 p - a scroll of enchant armour {unknown}
Potions
 d - 2 potions of might
 g - a potion of brilliance
 h - a potion of berserk rage
 j - a potion of magic
 q - 2 potions of curing
Comestibles
 c - 3 rations
 l - 5 chunks of flesh


   Skills:
 * Level 2.6 Fighting
 * Level 3.1 Dodging
 * Level 3.8 Stealth
 * Level 5.1 Unarmed Combat
 + Level 3.1 Spellcasting
 * Level 3.8 Transmutations
 * Level 2.3 Poison Magic
 * Level 1.7 Invocations


You had 6 spell levels left.
You knew the following spells:

 Your Spells              Type           Power        Failure   Level  Hunger
a - Beastly Appendage     Tmut           ###...       3%          1    None
b - Sticks to Snakes      Tmut           ###.....     5%          2    ##.....
c - Spider Form           Tmut/Pois      ##........   14%         3    ###....

Your spell library contained the following spells:

 Spells                   Type           Power        Failure   Level  Hunger
 Shock                    Conj/Air       #...         16%         1    None
 Swiftness                Chrm/Air       #.......     24%         2    ##.....
 Static Discharge         Conj/Air       #.......     43%         3    ###....
 Ice Form                 Ice/Tmut       #.......     58%         4    ####...
 Blade Hands              Tmut           ###.......   67%         5    ######.
 Airstrike                Air            #.........   85%         4    ####...
 Lightning Bolt           Conj/Air       #.........   99%         5    ######.


Dungeon Overview and Level Annotations

Branches:
Dungeon (5/15)             Temple (1/1) D:4

Altars:
Cheibriados
Dithmenos
Elyvilon
Fedhas
Gozag
Hepliaklqana
Nemelex Xobeh
Okawaru
Qazlal
Ru
Sif Muna
Trog
Uskayaw
Vehumet
Wu Jian
Yredelemnul
The Shining One

Annotations:
D:3 3 runed translucent doors, BeowulfAlex's ghost, amateur OpTm


Innate Abilities, Weirdness & Mutations

You cannot wear most types of armour.
You are very stealthy in the water. (Stealth+)
You are amphibious.
You can wear up to eight rings at the same time.
You can use your tentacles to constrict eight enemies at once.
Your skin changes colour to match your surroundings (Stealth+).
Your rubbery body absorbs attacks. (AC +1, EV +1)
One of your tentacles bears a large vicious spike.


Message History

The weapon returns to the orc!
The orc hits you.
* * * LOW HITPOINT WARNING * * *
The orc throws a stone.
The stone hits you.
* * * LOW HITPOINT WARNING * * *
The orc misses you.
The orc throws a boomerang.
The boomerang misses you.
The weapon returns to the orc!
The orc closely misses you.
You see here a stone.
You feel better.
The orc throws a stone.
The stone closely misses you. The orc barely misses you.
The orc throws a boomerang.
The boomerang barely misses you.
The weapon returns to the orc!
The orc wizard hits you with a +0 dagger.
* * * LOW HITPOINT WARNING * * *
The orc barely misses you.
The orc throws a stone.
The stone misses you. The orc hits you.
* * * LOW HITPOINT WARNING * * *
The orc throws a boomerang.
The boomerang barely misses you.
The weapon returns to the orc!
The orc wizard gestures at you while chanting.
The magic dart hits you!
You die...

#............
#................ .##..#
#[...............
#....###................
#..#..##................
..#...#....÷...........
#.#.#.#................
#.#.#.#..÷.§...o.......
#...#.#..(.§§§.@....o..
##...##..((.§§§§ooo.....
#..#..#.....§§§.........
..###.......§...........
#..#..#.................
##...##.................
#...#.#................
#.#.#.#................
#.#.#.#...............


You could see an orc wizard and 4 orcs.

Vanquished Creatures
  An ice beast (D:5)
  A phantom (D:2)
  A scorpion (D:5)
  A water moccasin skeleton (D:4)
  A centaur zombie (D:4)
  A bullfrog skeleton (D:5)
  A centaur skeleton (D:5)
  4 hounds
  2 orc wizards
  2 worker ant zombies
  4 adders
  A shadow imp (D:4)
  An adder skeleton (D:4)
  2 worms
  2 dart slugs
  4 leopard geckos
  6 orcs
  A ball python (D:3)
  9 giant cockroaches
  4 goblins
  5 hobgoblins
  6 jackals
  4 kobolds
  3 quokkas
  13 bats
  8 frilled lizards
  A leopard gecko skeleton (D:4)
  A quokka skeleton (D:4)
  4 rats
94 creatures vanquished.

Vanquished Creatures (collateral kills)
  A giant cockroach (D:2)
1 creature vanquished.

Vanquished Creatures (others)
  A centaur (D:5)
  A hound (D:5)
  An iguana (D:5)
  An adder (D:5)
  A jackal (D:5)
  4 toadstools (D:1)
9 creatures vanquished.

Grand Total: 104 creatures vanquished

Notes
Turn   | Place    | Note
-------+----------+-------------------------------------------
     0 | D:1      | BlueFish the Octopode Transmuter began the quest for the
                  | Orb.
     0 | D:1      | Reached XP level 1. HP: 13/13 MP: 3/3
    75 | D:1      | Reached XP level 2. HP: 17/18 MP: 3/5
   568 | D:1      | Reached XP level 3. HP: 20/23 MP: 4/6
   942 | D:2      | Noticed a phantom
   947 | D:2      | Learned a level 2 spell: Sticks to Snakes
   951 | D:2      | Learned a level 3 spell: Spider Form
  1293 | D:2      | Reached skill level 1 in Stealth
  1519 | D:3      | Reached XP level 4. HP: 16/28 MP: 5/7
  2274 | D:3      | Found a runed translucent gate.
  2274 | D:3      | Found a runed translucent gate.
  2274 | D:3      | Found a runed translucent gate.
  2276 | D:3      | Noticed BeowulfAlex's ghost (amateur OpTm)
  2299 | D:3      | Reached skill level 1 in Poison Magic
  2299 | D:3      | Reached XP level 5. HP: 34/34 MP: 6/8
  2594 | D:4      | Reached skill level 4 in Unarmed Combat
  2778 | D:4      | Found a staircase to the Ecumenical Temple.
  2812 | Temple   | Entered the Ecumenical Temple
  2815 | Temple   | Became a worshipper of Cheibriados the Contemplative
  3172 | D:4      | Reached XP level 6. HP: 36/39 MP: 7/9
  3195 | D:4      | Found a radiant altar of Vehumet.
  3641 | D:5      | Entered Level 5 of the Dungeon
  3775 | D:2      | Killed a phantom
  3775 | D:2      | Reached skill level 1 in Invocations
  3958 | D:5      | Reached * piety under Cheibriados
  3978 | D:5      | Reached XP level 7. HP: 37/45 MP: 9/11
  4042 | D:5      | Found a blossoming altar of Fedhas.
  4043 | D:5      | Found an iron altar of Okawaru.
  4043 | D:5      | Found a hazy altar of Hepliaklqana.
  4044 | D:5      | Found a glowing golden altar of the Shining One.
  4329 | D:5      | Reached skill level 5 in Unarmed Combat
  4366 | D:5      | Killed from afar by an orc wizard

Levels and vault maps discovered:
D:1:      ldierk_walled_garden_2, layout_basic
D:2:      layout_basic, minmay_misc_feat_roman
D:3:      layout_basic, first_ration, gammafunk_ghost_split
D:4:      layout_basic, overflow_temple_1_default, minmay_temple_entry_tees,
          serial_undead, serial_undead_d, serial_undead_c, serial_undead_f,
          serial_undead_b
D:5:      wad_crossroads, layout_basic, lemuel_crystal_altar,
          xom_confusion_cloud, chequers_temple_overflow_statue_of_worship
Temple:   nicolae_temple_hex_pool

Skill      XL: |  1  2  3  4  5  6  7 |
---------------+----------------------+-----
Stealth        | 1 2 3 |  3.8
Poison Magic   | 1 2 |  2.3
Unarmed Combat | 4 5 |  5.1
Fighting       | 2 |  2.6
Transmutations | 3 |  3.8
Invocations    | 1 |  1.7
Dodging        | 3 |  3.1
Spellcasting   | 3 |  3.1

Action                   |  1- 3 |  4- 6 |  7- 9 || total
-------------------------+-------+-------+-------++-------
Melee: Unarmed           |    84 |   126 |    37 ||   247
       Kick              |    20 |    29 |    13 ||    62
       Constrict         |    23 |    24 |     7 ||    54
       Tentacles         |    13 |    20 |     7 ||    40
       Punch             |     3 |     4 |     1 ||     8
 Cast: Beastly Appendage |    25 |    27 |     7 ||    59
       Sticks to Snakes  |       |     6 |       ||     6
  Use: Scroll            |     6 |     8 |       ||    14
       Potion            |       |     1 |     1 ||     2
 Stab: Sleeping          |     8 |     7 |       ||    15
  Eat: Chunk             |     2 |     9 |     1 ||    12
Armor: Skin              |    14 |     7 |     1 ||    22
Dodge: Dodged            |    47 |    68 |    40 ||   155

Table legend:
 A = Non-vault XP
 B = Vault XP
 C = Vault XP percentage of total XP
 D = Non-vault monster count
 E = Vault monster count
 F = Vault count percentage of total count
                 A         B        C        D         E       F
            +---------+---------+-------+---------+---------+-------
      Total |     810 |     197 |  19.6 |      92 |       3 |   3.2
            +---------+---------+-------+---------+---------+-------
        D:1 |      43 |       0 |   0.0 |      25 |       0 |   0.0
        D:2 |     155 |       0 |   0.0 |      16 |       0 |   0.0
        D:3 |      97 |       0 |   0.0 |      24 |       0 |   0.0
        D:4 |     209 |      65 |  23.7 |      16 |       2 |  11.1
        D:5 |     306 |     132 |  30.1 |      11 |       1 |   8.3
            +---------+---------+-------+---------+---------+-------
